 Dungeon Sprint DCSS version 0.28.0-43-g3370ac3207 (webtiles) character file.

Game seed: 2976306960332763913

40292 Groucho the Unseen (level 13, 72/72 HPs)
             Began as a Spriggan Enchanter on Mar 18, 2022.
             Was the Champion of Dithmenos.
             Got out of the dungeon alive.
             The game lasted 00:42:34 (4543 turns).

Groucho the Unseen (Spriggan Enchanter)             Turns: 4543, Time: 00:42:35

Health: 72/72      AC:  6    Str:  4    XL:     13   Next: 73%
Magic:  37/37      EV: 38    Int: 20    God:    Dithmenos [******]
Gold:   373        SH:  0    Dex: 24    Spells: 23/50 levels left

rFire   + . .      SeeInvis +   r - +2 dagger (speed)
rCold   x . .      Faith    .   (no shield)
rNeg    . . .      Spirit   .   n - +4 robe of Resourcefulness {Regen+ Int+4 Dex+3}
rPois   +          Reflect  .   (helmet restricted)
rElec   +          Harm     .   (no cloak)
rCorr   .          Rampage  .   (gloves unavailable)
Will    ++...      NoTele   +   (boots unavailable) Stlth *****+++++
                                p - amulet of the Air {Inacc Air Fly rElec RMsl}
HPRegen 1.02/turn               o - ring of fire
MPRegen 0.25/turn               t - ring of poison resistance

@: flying, wreathed by umbra, repel missiles, very quick
A: very small, no large weapons, unfitting armour, see invisible, speed 3
a: Renounce Religion, Shadow Step, Shadow Form


You escaped.
You worshipped Dithmenos.
Dithmenos was exalted by your worship.
You visited 1 branch You collected 3781 gold pieces.
You spent 3408 gold pieces at shops.

Inventory:

Hand Weapons
 a - a +1 dagger
 r - a +2 dagger of speed (weapon)
Missiles
 e - 5 boomerangs (quivered)
 v - 2 curare-tipped darts
 w - 6 poisoned darts
Armour
 b - a +0 robe
 n - the +4 robe of Resourcefulness (worn) {Regen+ Int+4 Dex+3}
   (You bought it in a shop in the Dungeon)

   Int:       It affects your intelligence (+4).
   Dex:       It affects your dexterity (+3).
   Regen:     It increases your rate of health regeneration.
Jewellery
 o - a ring of fire (left hand)
 p - the amulet of the Air (around neck) {Inacc Air Fly rElec RMsl}
   (You bought it in a shop in the Dungeon)

   [amulet of nothing]

   It reduces the accuracy of all your attacks.
   It enhances your air magic.
   rElec:     It insulates you from electricity.
   Fly:       It grants you flight.
   RMsl:      It protects you from missiles.
 t - a ring of poison resistance (right hand)
Wands
 h - a wand of paralysis (5)
 l - a wand of polymorph (14)
Scrolls
 k - 3 scrolls of identify {unknown}
 s - a scroll of vulnerability {unknown}
Potions
 c - a potion of invisibility
 d - a potion of lignification {unknown}
 f - a potion of haste
 g - 2 potions of magic
 i - a potion of flight {unknown}
 j - 2 potions of mutation {unknown}
 m - a potion of brilliance {unknown}
 q - a potion of berserk rage
 u - a potion of ambrosia {unknown}
 x - a potion of cancellation {unknown}
 z - 3 potions of curing


   Skills:
 + Level 10.1 Fighting
 - Level 10.0 Short Blades
 + Level 19.1 Dodging
 - Level 19.8 Stealth
 + Level 19.4 Spellcasting
 - Level 6.0 Conjurations
 - Level 14.0 Hexes
 + Level 6.4 Necromancy
 + Level 6.4 Earth Magic
 - Level 5.2 Invocations


You had 23 spell levels left.
You knew the following spells:

 Your Spells              Type           Power      Damage    Failure   Level
a - Ensorcelled Hibernat  Hex/Ice        94%        N/A       1%          2
b - Confusing Touch       Hex            66%        N/A       1%          3
c - Dazzling Flash        Conj/Hex       100%       N/A       1%          3
d - Tukima's Dance        Hex            66%        N/A       1%          3
e - Anguish               Hex/Necr       28%        N/A       1%          4
f - Passwall              Tmut/Erth      26%        N/A       1%          2
g - Yara's Violent Unrav  Hex/Tmut       23%        3d10      4%          5
h - Lee's Rapid Deconstr  Erth           22%        3d14*     5%          5

Your spell library contained the following spells:

 Spells                   Type           Power      Damage    Failure   Level
 Animate Skeleton         Necr           90%        N/A       1%          1
 Corpse Rot               Necr/Air       96%        N/A       1%          2
 Portal Projectile        Hex/Tloc       94%        N/A       1%          3
 Vampiric Draining        Necr           45%        2d9       1%          3
 Enfeeble                 Hex            33%        N/A       7%          7
 Swiftness                Air            29%        N/A       8%          3
 Statue Form              Tmut/Erth      21%        N/A       73%         6


Dungeon Overview and Level Annotations

Branches:
Dungeon (1/1)

Altars:
Cheibriados
Dithmenos
Elyvilon
Fedhas
Gozag
Hepliaklqana
Kikubaaqudgha
Makhleb
Nemelex Xobeh
Okawaru
Qazlal
Ru
Sif Muna
Trog
Uskayaw
Vehumet
Wu Jian
Xom
Yredelemnul
Zin
The Shining One
Jiyva
Lugonu

Shops:
D ((*:(:=(:[!*!*!?[(?[(:

Annotations:
D exclusion: oklob plant, Tiamat


Innate Abilities, Weirdness & Mutations

You are very small and have problems with some larger weapons.
You are too small for most types of armour.
You have supernaturally acute eyesight. (SInv)
You cover ground extremely quickly. (Speed+++)


Message History

Casting: Passwall (safe; 1% risk of failure)
Confirm with . or Enter, or press ? or * to list all spells.
Aiming: Passwall (safe; 1% risk of failure)
Press: ? - help, Dir - move target A rock wall.
This square is wreathed by an umbra.
You begin to meditate on the wall.
You continue meditating on the rock. x2
You finish merging with the rock.
There is an entrance to Vieruoh's Book Emporium here.
There is an open door here.
There is a shimmering blue altar of Sif Muna here.
You see here a +0 mace.
There is an open door here.
There is an open door here.
There is an open door, spattered with blood here.
Things that are here:
a +0 robe; a +0 dagger
Press: ? - help, v - describe, . - travel, g - get item
Items here: a +0 robe; a +0 dagger.
The floor, spattered with blood.
This square is wreathed by an umbra.
There is an open door, spattered with blood here.
There is an open door here.
You feel more experienced!
You have reached level 13!
Unknown command.
Unknown command.
There is an open door here.
There is an open door here.
Things that are here:
a +0 robe; a +0 scythe
There is an open door here.
You see here a +0 giant spiked club.
There is an open door here.
Things that are here:
a +0 ring mail; a +0 club
There is an open door here.
There is a staircase leading out of the dungeon here.
Are you sure you want to leave the Dungeon?
This will make you lose the game!
You have escaped!

##################
#@.#.['..#.['..#__
#..'..#.)'..#..'..
#..#####+#####)#__
#..####..#...#.###
#..#__####..##.#≈§
#..#_____##'#_.'§≈
#⌠⌠#_.∩...'..._#≈≈
####_..__##_.#'##'
#..#_____###'#.#§.


There were no monsters in sight!

Vanquished Creatures
  A golden dragon (D)
  A shadow dragon (D)
  3 fire giants (D)
  A lorocyproca (D)
  A deep elf annihilator (D)
  A hydra (D)
  2 centaur warriors (D)
  Sonja (D)
  A deep troll (D)
  A lindwurm (D)
  An oklob plant (D)
  8 shining eyes (D)
  2 merfolk sirens (D)
  7 unseen horrors (D)
  A gargoyle (D)
  4 demonic crawlers (D)
  2 kobold demonologists (D)
  A hellwing (D)
  A meliai (D)
  4 hornets (D)
  A slime creature (D)
  Sigmund (D)
  A yak (D)
  13 hogs (D)
  2 redbacks (D)
  7 floating eyes (D)
  7 necrophages (D)
  An ogre (D)
  8 jellies (D)
  Ijyb (D)
  A ballistomycete spore (D)
87 creatures vanquished.

Vanquished Creatures (others)
  the Lernaean hydra (D)
  A deep elf master archer (D)
  A hornet (D)
  A ballistomycete spore (D)
4 creatures vanquished.

Grand Total: 91 creatures vanquished

Notes
Turn   | Place    | Note
-------+----------+-------------------------------------------
     0 | D        | Groucho the Spriggan Enchanter began the quest for the Orb.
     0 | D        | Reached XP level 1. HP: 9/9 MP: 5/5
     2 | D        | Noticed Ijyb
    12 | D        | Killed Ijyb
    13 | D        | Reached skill level 5 in Hexes
    13 | D        | Reached XP level 2. HP: 11/13 MP: 6/8
   337 | D        | Noticed an ogre
   339 | D        | Killed an ogre
   340 | D        | Reached skill level 10 in Stealth
   340 | D        | Reached XP level 3. HP: 16/16 MP: 8/11
   340 | D        | Reached XP level 4. HP: 21/21 MP: 9/13
   354 | D        | Noticed Sigmund
   356 | D        | Killed Sigmund
   357 | D        | Reached XP level 5. HP: 24/24 MP: 10/16
   357 | D        | Reached XP level 6. HP: 28/28 MP: 11/18
   374 | D        | Found an ornate altar of the Wu Jian Council.
   374 | D        | Found a shimmering blue altar of Sif Muna.
   376 | D        | Found a radiant altar of Vehumet.
   411 | D        | Learned a level 2 spell: Ensorcelled Hibernation
   441 | D        | Found a burning altar of Makhleb.
   441 | D        | Found a viscous altar of Jiyva.
   441 | D        | Found a shimmering altar of Xom.
   441 | D        | Found a corrupted altar of Lugonu.
   441 | D        | Noticed a slime creature
   444 | D        | Killed a slime creature
   457 | D        | Found Vieruoh's Book Emporium.
   457 | D        | Found an ancient bone altar of Kikubaaqudgha.
   457 | D        | Found a hazy altar of Hepliaklqana.
   457 | D        | Found a stormy altar of Qazlal.
   457 | D        | Found a hide-covered altar of Uskayaw.
   457 | D        | Found a blossoming altar of Fedhas.
   457 | D        | Found a bloodstained altar of Trog.
   457 | D        | Found an iron altar of Okawaru.
   457 | D        | Found a basalt altar of Yredelemnul.
   457 | D        | Found a glowing golden altar of the Shining One.
   457 | D        | Found a snail-covered altar of Cheibriados.
   457 | D        | Found a sacrificial altar of Ru.
   457 | D        | Found a glowing silver altar of Zin.
   457 | D        | Found a shadowy altar of Dithmenos.
   457 | D        | Found a white marble altar of Elyvilon.
   457 | D        | Noticed a yak
   458 | D        | Found an opulent altar of Gozag.
   459 | D        | Killed a yak
   460 | D        | Reached skill level 10 in Hexes
   460 | D        | Reached XP level 7. HP: 32/32 MP: 21/21
   460 | D        | Found a sparkling altar of Nemelex Xobeh.
   468 | D        | Became a worshipper of Dithmenos the Shadowed
   485 | D        | Learned a level 3 spell: Confusing Touch
   489 | D        | Learned a level 3 spell: Dazzling Flash
   493 | D        | Learned a level 3 spell: Tukima's Dance
   552 | D        | Noticed a centaur warrior
   553 | D        | Noticed a centaur warrior
   554 | D        | Killed a centaur warrior
   555 | D        | Reached skill level 5 in Short Blades
   555 | D        | Reached skill level 10 in Spellcasting
   555 | D        | Reached XP level 8. HP: 36/36 MP: 21/23
   555 | D        | Killed a centaur warrior
   562 | D        | Noticed a hornet
   565 | D        | Killed a hornet
   565 | D        | Reached * piety under Dithmenos
   566 | D        | Reached XP level 9. HP: 39/39 MP: 22/25
   578 | D        | Noticed an oklob plant
   580 | D        | Killed an oklob plant
   590 | D        | Reached ** piety under Dithmenos
   619 | D        | Noticed an unseen horror
   620 | D        | Noticed an unseen horror
  1062 | D        | Killed an unseen horror
  1070 | D        | Killed an unseen horror
  1070 | D        | Reached *** piety under Dithmenos
  1071 | D        | Reached skill level 10 in Dodging
  1080 | D        | Reached **** piety under Dithmenos
  1264 | D        | Reached ***** piety under Dithmenos
  1265 | D        | Reached XP level 10. HP: 44/44 MP: 25/28
  1288 | D        | Found Paerur's Antique Weapon Shoppe.
  1288 | D        | Found Hucorojifue's Jewellery Shop.
  1288 | D        | Found Xetto's Book Boutique.
  1290 | D        | Found Jeiss's Antique Armour Emporium.
  1290 | D        | Found Gatisk's Distillery.
  1290 | D        | Found Kocsaqa's Assorted Antiques.
  1290 | D        | Found Niuwape's Distillery.
  1290 | D        | Found Zurch's Assorted Antiques.
  1290 | D        | Found Romnoosk's Distillery.
  1290 | D        | Found Pidoeciett's Magic Scroll Shoppe.
  1294 | D        | Found Qymi's Armour Boutique.
  1295 | D        | Found Naaruh's Magic Scroll Emporium.
  1295 | D        | Found Hyziz's Antique Weapon Boutique.
  1296 | D        | Found Goanuhe's Weapon Emporium.
  1304 | D        | Bought the +4 robe of Resourcefulness {Regen+ Int+4 Dex+3}
                  | for 593 gold pieces
  1330 | D        | Bought a ring of fire for 325 gold pieces
  1370 | D        | Noticed a deep troll
  1372 | D        | Killed a deep troll
  1373 | D        | Reached skill level 10 in Short Blades
  1384 | D        | Found Dagipn's Armour Emporium.
  1395 | D        | Noticed Sonja
  1398 | D        | Killed Sonja
  1399 | D        | Reached skill level 1 in Fighting
  1412 | D        | Found Yjiob's Weapon Boutique.
  1480 | D        | Noticed a gargoyle
  1492 | D        | Reached ****** piety under Dithmenos
  1501 | D        | Reached skill level 15 in Spellcasting
  1523 | D        | Killed a gargoyle
  1534 | D        | Reached skill level 5 in Invocations
  1573 | D        | Noticed a lindwurm
  1576 | D        | Killed a lindwurm
  1577 | D        | Reached skill level 1 in Conjurations
  1666 | D        | Reached XP level 11. HP: 54/54 MP: 31/31
  1674 | D        | Reached skill level 5 in Fighting
  1729 | D        | Reached skill level 15 in Dodging
  1940 | D        | Noticed a 12-headed hydra
  1942 | D        | Killed a 12-headed hydra
  2011 | D        | Noticed a shadow dragon
  2011 | D        | Noticed a golden dragon
  2015 | D        | Killed a shadow dragon
  2017 | D        | Killed a golden dragon
  2018 | D        | Reached skill level 5 in Conjurations
  2092 | D        | Found Honadafo's Book Shoppe.
  2109 | D        | Bought a book of Misfortune for 468 gold pieces
  2109 | D        | Bought the Reference Book on Evil for 364 gold pieces
  2109 | D        | Bought a book of Burglary for 260 gold pieces
  2114 | D        | Learned a level 4 spell: Anguish
  2117 | D        | Learned a level 2 spell: Passwall
  2123 | D        | Learned a level 5 spell: Yara's Violent Unravelling
  2156 | D        | Noticed a deep elf annihilator
  2156 | D        | Noticed a mummy priest
  2158 | D        | Noticed an oklob plant
  2159 | D        | Killed a deep elf annihilator
  2206 | D        | Reached skill level 1 in Necromancy
  2206 | D        | Reached skill level 1 in Earth Magic
  2440 | D        | Bought the amulet of the Air {Inacc Air Fly rElec RMsl} for
                  | 488 gold pieces
  2440 | D        | Found the amulet of the Air {Inacc Air Fly rElec RMsl}
  2440 | D        | Bought a ring of poison resistance for 260 gold pieces
  2837 | D        | Noticed a shadow wraith
  3056 | D        | Killed a deep elf master archer
  3104 | D        | Noticed a daeva
  3111 | D        | Reached XP level 12. HP: 65/65 MP: 33/35
  3123 | D        | Noticed a fire giant
  3146 | D        | Killed a fire giant
  3149 | D        | Noticed a fire giant
  3313 | D        | Noticed a fire giant
  3319 | D        | Noticed a fire giant
  3325 | D        | Killed a fire giant
  3384 | D        | Killed a fire giant
  3519 | D        | Reached skill level 5 in Necromancy
  3519 | D        | Reached skill level 5 in Earth Magic
  3546 | D        | Found Raumias's Weapon Shoppe.
  3546 | D        | Found Irogg's Antique Weapon Shop.
  3546 | D        | Found Ilemaofae's Assorted Antiques.
  3546 | D        | Found Dietzy's Book Boutique.
  3667 | D        | Killed the 27-headed Lernaean hydra
  3934 | D        | Found the +4 dragonskin cloak
  3934 | D        | Noticed Tiamat
  4253 | D        | Noticed a lorocyproca
  4266 | D        | Killed a lorocyproca
  4267 | D        | Reached skill level 10 in Fighting
  4269 | D        | Got Sif Muna's Collected Works on Ashen Orientation
  4276 | D        | Learned a level 5 spell: Lee's Rapid Deconstruction
  4408 | D        | Bought a potion of experience for 650 gold pieces
  4523 | D        | Reached XP level 13. HP: 72/72 MP: 37/37
  4543 | D        | Got out of the dungeon alive.

Illustrated notes

Levels and vault maps discovered:
D:        dungeon_sprint_1 [red_sonja_temple_1, red_sonja_temple_small_1]

Skill      XL: |  1  2  3  4  5  6  7  8  9 10 11 12 |
---------------+-------------------------------------+-----
Stealth        | 7 10 14 17 18 19 | 19.8
Spellcasting   | 4 6 8 9 10 11 13 15 18 19 | 19.4
Hexes          | 5 6 8 10 12 14 | 14.0
Short Blades   | 2 5 6 9 10 | 10.0
Dodging        | 3 6 7 11 14 17 19 | 19.1
Fighting       | 4 8 10 | 10.1
Invocations    | 5 |  5.2
Conjurations   | 1 6 |  6.0
Necromancy     | 1 6 |  6.4
Earth Magic    | 1 6 |  6.4

Action                   |  1- 3 |  4- 6 |  7- 9 | 10-12 | 13-15 || total
-------------------------+-------+-------+-------+-------+-------++-------
Melee: Dagger            |     9 |     4 |    48 |   126 |       ||   187
       Punch             |       |       |       |     1 |       ||     1
Throw: Boomerang         |       |       |       |    13 |       ||    13
       Dart              |       |       |       |     6 |       ||     6
 Cast: Ensorcelled Hiber |       |     1 |     1 |    40 |       ||    42
       Confusing Touch   |       |       |     4 |     9 |       ||    13
       Dazzling Flash    |       |       |       |     8 |       ||     8
       Passwall          |       |       |       |     4 |       ||     4
       Tukima's Dance    |       |       |       |     3 |       ||     3
       Lee's Rapid Decon |       |       |       |     3 |       ||     3
Invok: Shadow Step       |       |       |       |     4 |       ||     4
  Use: Potion            |     1 |       |       |     4 |       ||     5
       Scroll            |       |       |     1 |     1 |       ||     2
 Stab: Sleeping          |     2 |     4 |    17 |    51 |       ||    74
       Confused          |       |       |     4 |    10 |       ||    14
       Invisible         |       |       |       |     5 |       ||     5
Armor: Robe              |       |     1 |     2 |     5 |       ||     8
Dodge: Dodged            |     5 |     2 |    20 |    95 |       ||   122
